 Dungeon Crawl Stone Soup version 0.22.0-49-gab54619674 (webtiles) character file.

82 RealIsaac the Ruffian (level 4, -13/33 HPs)
             Began as a Human Gladiator on Sept 2, 2018.
             Killed by divine providence
             ... invoked by an orc priest
              (16 damage)
             ... on level 3 of the Dungeon.
             The game lasted 00:08:37 (2695 turns).

RealIsaac the Ruffian (Human Gladiator)             Turns: 2695, Time: 00:08:37

Health: -13/33     AC:  5    Str: 15    XL:     4   Next: 70%
Magic:  4/4        EV: 13    Int:  9    God:
Gold:   78         SH:  0    Dex: 14    Spells: 3/3 levels left

rFire    . . .     SeeInvis .     - Unarmed
rCold    . . .     Gourm    .   (no shield)
rNeg     . . .     Faith    .   a - +0 leather armour
rPois    +         Spirit   .   b - +0 helmet
rElec    .         Reflect  .   (no cloak)
rCorr    .         Harm     .   e - +0 pair of gloves
MR       .....                  (no boots)
Stlth    +.........             (no amulet)
HPRegen  0.11/turn              i - ring of poison resistance
MPRegen  0.09/turn              (no ring)

@: confused
A: no striking features
a: no special abilities


You were on level 3 of the Dungeon.
You were not hungry.

You visited 1 branch of the dungeon, and saw 3 of its levels.

You collected 78 gold pieces.

Inventory:

Hand Weapons
 r - a cursed -1 hand axe
Missiles
 c - 3 throwing nets (quivered)
Armour
 a - a +0 leather armour (worn)
 b - a +0 helmet (worn)
 e - a +0 pair of gloves (worn)
 n - a +0 ring mail
 o - a +0 scale mail
Jewellery
 i - a ring of poison resistance (left hand)
Scrolls
 h - 4 scrolls of remove curse
 j - 2 scrolls of teleportation {unknown}
 l - a scroll of random uselessness {unknown}
 m - 2 scrolls of identify
 q - a scroll of fog {unknown}
 s - a scroll of amnesia {unknown}
Potions
 f - 2 potions of flight {unknown}
 g - 2 potions of curing
 p - a potion of mutation {unknown}
Comestibles
 d - 6 rations
 k - 3 chunks of flesh


   Skills:
 + Level 2.1 Fighting
 - Level 2.0 Throwing
 - Level 1.2 Armour
 + Level 3.7 Dodging
 + Level 4.1 Unarmed Combat


You had 3 spell levels left.
You didn't know any spells.
Your spell library was empty.

Dungeon Overview and Level Annotations

Branches:
Dungeon (3/15)

Altars:


Message History

The orc priest begins to cast a cantrip, but forgets the words!
Something hits you but does no damage.
You miss something.
A hobgoblin comes into view. It is wielding a club.
Something hits you but does no damage.
You miss something.
The hobgoblin shouts!
Something hits you but does no damage.
You hear some strange, mumbled words.
Something tries to affect you, but you resist.
A puff of flame appears from out of thin air!
The puff of flame hits you!
* * * LOW HITPOINT WARNING * * *
A magic dart appears from out of thin air!
The magic dart hits you!
* * * LOW HITPOINT WARNING * * *
You are confused.
The orc priest mumbles some strange prayers to Beogh against you.
Beogh smites you!
You die...

###.# ##..# #......###.## ##.†.#
#. ####....##.<. ##..###
###.##.####. ##..## ..#.##......
#..## #.#.#######. #.## #.#.# ##
###.# #########.#.# #...#
#.........g.######## #...##
#..@..{o..o.........
###..########.....o.o.....######
##..................###.......
#################### ########


You could see an orc priest, 3 orcs and a hobgoblin.

Vanquished Creatures
  4 worms
  3 dart slugs
  2 leopard geckos (D:2)
  An orc (D:3)
  3 giant cockroaches
  10 goblins
  6 hobgoblins
  4 jackals (D:1)
  6 kobolds
  A quokka (D:2)
  7 bats
  3 frilled lizards
  7 rats
57 creatures vanquished.

Notes
Turn   | Place    | Note
-------+----------+-------------------------------------------
     0 | D:1      | RealIsaac the Human Gladiator began the quest for the Orb.
     0 | D:1      | Reached XP level 1. HP: 16/16 MP: 1/1
   141 | D:1      | Reached XP level 2. HP: 17/22 MP: 2/2
   537 | D:1      | Reached XP level 3. HP: 26/27 MP: 3/3
  1538 | D:2      | Reached skill level 1 in Armour
  1538 | D:2      | Reached XP level 4. HP: 24/33 MP: 4/4
  2091 | D:3      | Reached skill level 4 in Unarmed Combat
  2695 | D:3      | Killed from afar by an orc priest

Skill      XL: |  1  2  3  4 |
---------------+-------------+-----
Armour         | 1 |  1.2
Unarmed Combat | 4 |  4.1
Fighting       | |  2.1
Throwing       | |  2.0
Dodging        | |  3.7

Action                   |  1- 3 |  4- 6 || total
-------------------------+-------+-------++-------
Melee: Unarmed           |   151 |   105 ||   256
       Punch             |     3 |     2 ||     5
  Use: Potion            |     1 |       ||     1
       Scroll            |       |     3 ||     3
 Stab: Sleeping          |     2 |       ||     2
  Eat: Chunk             |     2 |     4 ||     6
Armor: Leather armour    |    46 |    21 ||    67
Dodge: Dodged            |   122 |    49 ||   171
